cohdb
Replays
Latest Replays
All Replays
Popular Replays
Top Player Replays
Match Explorer
How It Works
Community
CoH3 Stats
Reddit
Sign in to upload your games and track your stats! →
Sign in with Steam
Match 42600436
Unlisted
Match 42600436
Overview
Messages
Build Orders
End
Construct Section Command Post
Vickers Machine Gun Team
ML 3-inch Mortar Team
Royal Engineer Section
Vickers Machine Gun Team
Construct Platoon Command Post
Humber Armored Car
Selects Air and Sea Battlegroup
Selects Supply Surplus
6-pounder Anti-tank Gun Team
Construct Resource Cache
Construct Resource Cache
Construct Company Command Post
Selects UNKNOWN (223837)
Vickers Machine Gun Team
Matilda II Heavy Tank
Armored Vehicle Training
Construct Resource Cache
6-pounder Anti-tank Gun Team
Matilda II Heavy Tank
Construct Resource Cache
Selects Naval Bombardment
Construct Field Infirmary
Vickers Machine Gun Team
6-pounder Anti-tank Gun Team
Selects Commando Section Paradrop
Selects Commando Support Section Paradrop
Matilda II Heavy Tank
6-pounder Anti-tank Gun Team
Naval Bombardment
Royal Engineer Section
Construct Resource Cache
Royal Engineer Section
Selects Anti-tank Rocket Loiter
Anti-tank Rocket Loiter
Matilda II Heavy Tank
Naval Bombardment
Construct Resource Cache
Royal Engineer Section
Matilda II Heavy Tank
Anti-tank Rocket Loiter
Royal Engineer Section
Naval Bombardment
Royal Engineer Section
Angry Android
MrStealYourHitler
j-dude117
Team saupiquet
Drone Operator
simranjitsingh713
0
0
Comments
sign in to comment!
No comments posted yet!